Map: Site Delta LE

Players

dasini - Winner!

  • Race: Terran Terran
  • League: Diamond
  • Spawn Location: 11:00

demzi

  • Race: Zerg Zerg
  • League: Diamond
  • Spawn Location: 5:00

VOD

Have the link to the VOD?

Description

Time

  • Played on: March 24, 2024, 3:32 p.m.
  • Length: 11:07
Show
View Real Time Build Order
Export as new Build Order

dasini Terran - Winner!

Build Orders: Reaper Expand 

Get SALT Encoding   

  12  0:00  SCV  
  13  0:12  SCV  
  14  0:17  Supply Depot  
  14  0:25  SCV  
  15  0:38  SCV  
  15  0:40  Barracks  
  16  0:44  Refinery  
  16  0:51  SCV  
  17  1:03  SCV  
  18  1:15  SCV  
  19  1:29  Reaper  
  19  1:30  Orbital Command  
  20  1:40  Command Center  
  20  1:46  Refinery  
  20  1:54  Supply Depot  
  20  1:55  SCV  
  21  2:01  Barracks Reactor  
  21  2:08  SCV  
  22  2:19  Factory  
  22  2:20  SCV  
  23  2:33  SCV  
  24  2:38  Marine x2  
  26  2:45  SCV  
  27  2:55  Orbital Command  
  27  2:57  SCV  
  28  3:05  Starport  
  28  3:07  Barracks Tech Lab  
  28  3:09  Hellion x2  
  28  3:12  SCV  
  33  3:20  Supply Depot  
  33  3:21  SCV  
  33  3:26  SCV  
  35  3:31  Hellion  
  35  3:33  SCV  
  38  3:38  SCV  
  39  3:46  Supply Depot, SCV  
  40  3:50  SCV  
  41  3:57  Barracks Tech Lab  
  41  3:58  Banshee, Hellion x2, SCV  
  41  4:02  SCV  
  50  4:10  SCV  
  50  4:14  SCV  
  50  4:16  Supply Depot  
  52  4:22  SCV  
  52  4:26  SCV  
  53  4:34  SCV  
  54  4:38  SCV  
  54  4:41  Banshee  
  54  4:42  Engineering Bay x2  
  58  4:46  SCV  
  58  4:47  Command Center  
  58  4:50  SCV  
  60  4:54  Barracks  
  60  4:56  Barracks  
  60  4:57  Factory Tech Lab  
  60  4:58  SCV  
  61  5:01  Barracks  
  61  5:03  SCV  
  61  5:04  Supply Depot  
  62  5:10  SCV  
  59  5:21  SCV  
  59  5:23  Siege Tank  
  59  5:24  Marine  
  59  5:25  Stimpack  
  64  5:33  Supply Depot  
  64  5:36  Refinery  
  64  5:37  Refinery  
  64  5:41  Terran Infantry Weapons Level 1, Terran Infantry Armor Level 1  
  64  5:44  Armory  
  64  5:45  Barracks  
  64  5:47  Starport Reactor, Barracks Tech Lab  
  64  5:48  Barracks Reactor  
  64  5:51  Marine  
  64  5:55  Supply Depot  
  65  5:58  Barracks, SCV x2  
  65  5:59  Barracks  
  67  6:10  Orbital Command, SCV x2  
  66  6:19  Marine  
  66  6:21  Combat Shield  
  66  6:22  SCV x2  
  66  6:23  Marine  
  66  6:25  Medivac x2  
  74  6:30  Orbital Command  
  74  6:31  Marine  
  75  6:34  SCV, Marauder  
  75  6:37  Marine  
  79  6:42  SCV  
  79  6:46  Marine  
  83  6:48  Barracks Reactor x2  
  83  6:52  Supply Depot  
  83  6:54  SCV  
  82  6:56  Marine x2  
  82  6:57  Marine x2  
  82  6:59  Supply Depot  
  82  7:00  Supply Depot  
  86  7:05  Concussive Shells  
  86  7:06  Marine, SCV  
  86  7:07  Siege Tank  
  86  7:08  SCV, Medivac x2  
  95  7:10  SCV  
  95  7:14  Marine  
  98  7:17  Marine x3  
  98  7:18  SCV  
  98  7:21  SCV  
  103  7:23  Supply Depot  
  103  7:24  Marine  
  103  7:28  Marine x4  
  108  7:30  SCV  
  108  7:32  Marine  
  108  7:37  Marine x3  
  110  7:38  SCV  
  110  7:42  Marine, Supply Depot  
  110  7:43  Siege Tank  
  118  7:45  Marine  
  118  7:46  Supply Depot, SCV, Marine x3  
  118  7:50  SCV  
  124  7:58  SCV  
  125  8:07  Marine  
  125  8:08  Marine  
  125  8:09  Marine x7  
  125  8:10  Medivac x2  
  132  8:25  Marine  
  132  8:26  Marine  
  132  8:27  Marine x6  
  118  8:28  Marine  
  118  8:30  Siege Tank  
  124  8:40  Liberator x2  
  127  8:43  Marine  
  127  8:44  Marine x5  
  127  8:45  Marine x2  
  127  8:46  Marine  
  127  9:00  Marine  
  127  9:02  Marine x6  
  129  9:03  Siege Tank, Marauder  
  129  9:04  Marine  
  139  9:18  Marine  
  139  9:20  Marine x6  
  139  9:22  Marine  
  139  9:23  Medivac x2, Refinery  
  139  9:24  Marine, Refinery  
  120  9:36  Marine  
  120  9:37  Marine  
  120  9:38  Marine x5  
  124  9:40  Marine  
  124  9:42  Marine  
  129  9:46  Siege Tank  
  132  9:53  Medivac x2  
  132  9:54  Marine  
  132  9:55  Marine  
  132  9:56  Marauder, Marine x3  
  132  9:58  Marauder  
  145  10:00  Marauder  
  145  10:01  Supply Depot  
  145  10:03  Command Center  
  145  10:04  Missile Turret  
  147  10:18  Marauder  
  134  10:22  Marine  
  134  10:23  Medivac  
  134  10:24  Supply Depot  
  134  10:25  Missile Turret  
  137  10:28  Marine  
  137  10:29  Marine x6  
  151  10:39  Marine  
  151  10:40  Marine  
  151  10:46  Marine  
  151  10:47  Supply Depot, Missile Turret, Marine x2  
  154  11:06  Missile Turret  
Show
View Real Time Build Order
Export as new Build Order

demzi Zerg 

Build Orders: Hatch First 

Get SALT Encoding   

  12  0:00  Drone  
  13  0:12  Overlord  
  13  0:18  Drone  
  14  0:31  Drone x2  
  16  0:49  Hatchery  
  15  0:52  Drone  
  15  0:56  Drone  
  17  0:59  Drone  
  18  1:09  Extractor  
  17  1:16  Spawning Pool  
  16  1:19  Drone  
  16  1:22  Drone  
  18  1:28  Drone  
  19  1:39  Drone  
  20  2:03  Zergling x4  
  20  2:07  Queen  
  20  2:08  Queen  
  26  2:09  Drone  
  26  2:12  Overlord  
  27  2:21  Drone  
  27  2:33  Drone x3  
  30  2:51  Drone x3  
  32  2:53  Queen  
  32  2:55  Overlord x2  
  35  3:08  Hatchery  
  34  3:16  Metabolic Boost  
  34  3:19  Drone x3  
  37  3:20  Drone  
  37  3:23  Drone  
  37  3:25  Drone  
  40  3:27  Drone  
  40  3:29  Drone  
  42  3:38  Queen  
  44  3:43  Overlord  
  44  3:52  Zergling x10  
  44  3:53  Zergling x2  
  50  4:11  Zergling x4  
  50  4:12  Zergling x8  
  50  4:32  Drone x8  
  56  4:39  Lair  
  56  4:44  Drone x3  
  56  4:45  Baneling Nest, Evolution Chamber x2  
  56  4:52  Queen  
  58  4:53  Queen  
  58  4:55  Spore Crawler  
  58  4:57  Spore Crawler  
  58  4:58  Spore Crawler  
  58  4:59  Drone x3  
  61  5:00  Drone  
  61  5:10  Zergling x12  
  61  5:11  Zergling x2  
  64  5:27  Overlord x2  
  64  5:28  Roach Warren  
  64  5:29  Drone x2  
  64  5:30  Drone  
  64  5:32  Overlord x2  
  66  5:56  Drone x4  
  70  6:00  Extractor, Drone x2  
  70  6:01  Drone x3  
  70  6:02  Extractor, Drone x3  
  77  6:04  Drone x2  
  77  6:09  Hydralisk Den  
  77  6:13  Queen  
  77  6:33  Extractor  
  77  6:34  Zerg Melee Weapons Level 1  
  77  6:36  Zerg Ground Armor Level 1  
  77  6:39  Zergling x20  
  92  6:40  Zergling x12  
  92  6:43  Centrifugal Hooks  
  92  7:01  Drone x2  
  92  7:02  Drone x2, Extractor  
  92  7:03  Drone x2, Extractor  
  92  7:04  Drone x2  
  92  7:06  Overlord x4  
  98  7:16  Hatchery  
  97  7:28  Hydralisk x6  
  109  7:53  Glial Reconstitution, Muscular Augments  
  109  7:56  Baneling x4  
  109  7:57  Baneling x3  
  109  7:58  Drone x2  
  109  7:59  Drone  
  109  8:03  Drone x7  
  109  8:04  Drone x3  
  109  8:05  Overlord x3  
  97  8:28  Zergling x2  
  97  8:29  Zergling x16  
  101  8:38  Zergling x2  
  101  8:39  Zergling x4  
  89  8:50  Roach  
  89  8:51  Roach x2  
  94  8:56  Grooved Spines  
  94  8:59  Hatchery  
  94  9:00  Baneling x5  
  94  9:01  Baneling x10  
  93  9:05  Queen  
  93  9:08  Zergling x2  
  93  9:09  Zergling x16  
  100  9:11  Tunneling Claws  
  85  9:32  Roach  
  85  9:33  Roach x9  
  85  9:35  Baneling  
  85  9:36  Baneling x4  
  85  9:38  Roach  
  107  9:44  Extractor  
  107  9:45  Drone x3, Extractor  
  109  9:48  Zergling x4  
  110  9:56  Hatchery  
  110  9:57  Hydralisk x3  
  115  10:13  Roach  
  109  10:14  Zergling x2, Roach  
  109  10:15  Zergling x14  
  93  10:32  Zergling x12  
  92  10:38  Extractor, Baneling x4  
  92  10:39  Baneling x3  
  92  10:41  Roach x3  
Tags
 
Add a new tag
Caveats
  • Supply blocks, unpowered buildings, or Contaminate may cause inaccurate times.
  • Supply counts are checked every 10 seconds.